 Dungeon Crawl Stone Soup version 0.27-a0-1090-gb115f176c6 (webtiles) character file.

Game seed: 6390680537218457758

3671 robertstho the Thaumaturge (level 10, -5/65 HPs)
             Began as a Djinni Fire Elementalist on Apr 27, 2021.
             Was a Follower of Ashenzari.
             Slain by a yak (15 damage)
             ... on level 8 of the Dungeon.
             The game lasted 00:12:28 (9446 turns).

robertstho the Thaumaturge (DjFE)                   Turns: 9446, Time: 00:12:29

Health: -5/65      AC:  2    Str:  7    XL:     10   Next: 13%
Gold:   263        EV: 14    Int: 20    God:    Ashenzari [*.....] SH:  0 Dex: 14

rFire    + + .     SeeInvis .   j - +0 rapier of the Ruined Henotheism {Melee, Cun} (curse)
rCold    x . .     Faith    .   (no shield)
rNeg     . . .     Spirit   .   a - +0 robe of Ashenzari's Malaise {Range, Evo} (curse)
rPois    ∞         Reflect  .   (no helmet)
rElec    .         Harm     .   (no cloak)
rCorr    .         Rampage  .   (no gloves)
Will     +....                  (boots unavailable)
Stlth    +++.......             (no amulet)
HPRegen  0.20/turn              (no ring)
MPRegen  0.00/turn              (no ring)

@: flying, studying Dodging
A: fire resistance 2, cold vulnerability 1, float, innate caster, hp casting,
extra vitality 1
a: Renounce Religion, Curse Item, Shatter the Chains


You were on level 8 of the Dungeon.
You worshipped Ashenzari.
Ashenzari was aware of your devotion.
You visited 1 branch of the dungeon, and saw 8 of its levels.

You collected 263 gold pieces.

Inventory:

Hand Weapons
 j - the cursed +0 rapier of the Ruined Henotheism (weapon) {Melee, Cun}
   (You took it off a kobold on level 4 of the Dungeon)

   It has a curse which improves the following skills: Melee Combat: Short
   Blades, Long Blades, Axes, Maces & Flails, Polearms, Staves and Unarmed
   Combat.
   Cunning:   Dodging and Stealth.
 p - a +1 dagger of flaming
 s - a +2 long sword
Missiles
 o - a throwing net
Armour
 a - the cursed +0 robe of Ashenzari's Malaise (worn) {Range, Evo}

   It has a curse which improves the following skills: Ranged Combat: Slings,
   Bows, Crossbows and Throwing.
   Evocations: Evocations.
Wands
 g - a wand of digging (3)
Scrolls
 c - 6 scrolls of teleportation
 e - a scroll of silence
 h - a scroll of immolation
 m - a scroll of magic mapping
 n - 2 scrolls of brand weapon
 r - a scroll of enchant weapon
Potions
 b - a potion of might
 d - 2 potions of flight
 f - a potion of haste
 i - 2 potions of attraction
 l - a potion of ambrosia


   Skills:
 + Level 2.5 Fighting
 + Level 5.0(6.0) Dodging
 + Level 4.1(5.0) Stealth
 + Level 11.0 Spellcasting


You had 6 spell levels left.
You knew the following spells:

 Your Spells              Type           Power      Damage    Failure   Level
a - Foxfire               Conj/Fire      100%       2x1d9     1%          1
b - Conjure Flame         Conj/Fire      53%        6-21      1%          3
c - Inner Flame           Hex/Fire       53%        N/A       1%          3
d - Sticky Flame          Conj/Fire      53%        2d7       1%          4
e - Fireball              Conj/Fire      26%        3d12      1%          5
f - Corona                Hex            58%        N/A       1%          1
g - Poisonous Vapours     Pois/Air       100%       N/A       1%          2
h - Ensorcelled Hibernat  Hex/Ice        100%       N/A       1%          2
i - Animate Dead          Necr           26%        N/A       1%          4
Your spell library was empty.

Dungeon Overview and Level Annotations

Branches:
Dungeon (8/15)             Temple (0/1) D:5
   Lair: D:8-11

Altars:
Ashenzari
Fedhas
Gozag
Makhleb
Okawaru
Qazlal
Sif Muna
Trog
Uskayaw
Vehumet
Yredelemnul
Zin

Shops:
D:3 *   D:7 :


Innate Abilities, Weirdness & Mutations

You are immune to poison.
Your flesh is very heat resistant. (rF++)
You are vulnerable to cold. (rC-)
You float through the air rather than walking.
You learn spells naturally, not from books.
Your magical power is your life essence.
You have superior vitality. (+4 HP)


Message History

The necrophage hits you.
Casting: Sticky Flame (dangerous; 1% risk of failure)
Confirm with . or Enter, or press ? or * to list all spells.
Aiming: Sticky Flame (dangerous; 1% risk of failure)
Press: ? - help, Shift-Dir - straight line, f - yak, p - necrophage
Aim: a yak (almost dead, 100% to hit)
The sticky flame hits the yak!
You kill the yak!
The necrophage burns!
The necrophage barely misses you.
Your Spellcasting skill increases to level 11!
Casting: Sticky Flame (dangerous; 1% risk of failure)
Confirm with . or Enter, or press ? or * to list all spells.
Aiming: Sticky Flame (dangerous; 1% risk of failure)
Press: ? - help, Shift-Dir - straight line, f - yak
Aim: a yak (100% to hit)
The sticky flame hits the yak but does no damage.
The yak is covered in liquid flames!
The necrophage burns!
The yak burns!
The yak closely misses you. The necrophage hits you.
* * * LOW HITPOINT WARNING * * *
You feel better.
The necrophage burns!
The yak burns!
The yak gores you!
* * * LOW HITPOINT WARNING * * *
The necrophage hits you.
* * * LOW HITPOINT WARNING * * *
You hit the necrophage.
You destroy the necrophage!
The yak burns! x2; The yak misses you.
The yak burns!
The yak burns!
The yak gores you!
* * * LOW HITPOINT WARNING * * *
You see here a staff of air.
The yak burns!
The yak stops burning.
Casting: Sticky Flame (dangerous; 1% risk of failure)
Confirm with . or Enter, or press ? or * to list all spells.
Okay, then.
Okay, then.
Okay, then.
You feel better.
As you read the scroll of summoning, it crumbles to dust.
Wisps of shadow whirl around you... The yak gores you!
You die...

######## ##......##
##..<.....# .
#.......... ...
#..........
....z########..........
...zzzF@Y5.†..........?
..##########....†!.....
#.#...P.....
#####>..........
#?..............
##.........P.....
#...8............
##................
#...[.............


You could see a yak (ally target), a friendly bullfrog (summoned), 4 friendly
wights and a friendly white imp (summoned).

Vanquished Creatures
  Sigmund (D:4)
  5 yaks (D:8)
  2 water moccasins
  2 ice beasts
  An ogre (D:6)
  A sky beast (D:7)
  5 necrophages
  A centaur (D:8)
  2 phantoms
  A kobold brigand (D:8)
  A bullfrog (D:6)
  7 scorpions
  A wyvern skeleton (D:5)
  A water moccasin skeleton (D:5)
  2 wights (D:8)
  2 howler monkeys
  A centaur zombie (D:3)
  A hound (D:4)
  4 orc priests
  2 jellies
  A centaur skeleton (D:6)
  6 orc wizards
  A killer bee zombie (D:8)
  A hound zombie (D:5)
  2 mummies (D:8)
  A howler monkey zombie (D:8)
  A howler monkey skeleton (D:6)
  6 gnolls
  8 adders
  A shadow imp (D:5)
  A white imp (D:7)
  6 ufetubi
  A worm (D:3)
  21 orcs
  An endoplasm (D:3)
  2 giant cockroaches
  11 goblins
  7 hobgoblins
  4 jackals
  11 kobolds
  5 ball pythons
  9 bats
  4 frilled lizards
  5 rats
159 creatures vanquished.

Vanquished Creatures (collateral kills)
  A foxfire (D:8)
1 creature vanquished.

Vanquished Creatures (others)
  A bat (D:1)
  831 foxfires
  A withered plant (D:8)
833 creatures vanquished.

Grand Total: 993 creatures vanquished

Notes
Turn   | Place    | Note
-------+----------+-------------------------------------------
     0 | D:1      | robertstho the Djinni Fire Elementalist began the quest for
                  | the Orb.
     0 | D:1      | Reached XP level 1. HP: 15/15 MP: 0/0
   304 | D:1      | Reached skill level 3 in Spellcasting
   304 | D:1      | Reached XP level 2. HP: 18/21 MP: 0/0
   876 | D:1      | Found a faded altar of an unknown god.
  1551 | D:2      | Reached XP level 3. HP: 23/25 MP: 0/0
  1551 | D:2      | Learned a level 1 spell: Corona
  2410 | D:2      | Noticed a phantom
  2419 | D:2      | Killed a phantom
  2420 | D:2      | Reached skill level 4 in Spellcasting
  2420 | D:2      | Reached XP level 4. HP: 23/31 MP: 0/0
  2420 | D:2      | Reached XP level 5. HP: 26/36 MP: 0/0
  2420 | D:2      | Learned a level 2 spell: Poisonous Vapours
  2952 | D:3      | Found Zin's Purification Station.
  2958 | D:3      | Found a glowing silver altar of Zin.
  3302 | D:3      | Found an iron altar of Okawaru.
  3328 | D:3      | Reached skill level 5 in Spellcasting
  3328 | D:3      | Reached XP level 6. HP: 16/41 MP: 0/0
  4285 | D:4      | Reached skill level 1 in Fighting
  4626 | D:4      | Noticed Sigmund
  4636 | D:4      | Killed Sigmund
  4637 | D:4      | Reached skill level 6 in Spellcasting
  4637 | D:4      | Reached XP level 7. HP: 37/47 MP: 0/0
  4637 | D:4      | Learned a level 2 spell: Ensorcelled Hibernation
  5011 | D:5      | Entered Level 5 of the Dungeon
  5333 | D:5      | Found a stormy altar of Qazlal.
  5340 | D:5      | Found a broken altar of Ashenzari.
  5340 | D:5      | Found a bloodstained altar of Trog.
  5341 | D:5      | Found a blossoming altar of Fedhas.
  5342 | D:5      | Found a basalt altar of Yredelemnul.
  5344 | D:5      | Found a burning altar of Makhleb.
  5348 | D:5      | Became a worshipper of Ashenzari the Shackled
  5348 | D:5      | Identified a scroll of acquirement
  5354 | D:5      | Acquired a manual of Dodging
  5629 | D:5      | Reached skill level 7 in Spellcasting
  5629 | D:5      | Reached XP level 8. HP: 47/52 MP: 0/0
  5894 | D:5      | Found a staircase to the Ecumenical Temple.
  6472 | D:6      | Reached skill level 8 in Spellcasting
  7099 | D:7      | Reached XP level 9. HP: 52/58 MP: 0/0
  7099 | D:7      | Learned a level 4 spell: Animate Dead
  7203 | D:7      | Reached skill level 9 in Spellcasting
  7240 | D:7      | Reached * piety under Ashenzari
  7375 | D:7      | Found Etrus's Book Shoppe.
  7762 | D:7      | Found a hide-covered altar of Uskayaw.
  7785 | D:7      | Found an opulent altar of Gozag.
  9186 | D:8      | Reached skill level 10 in Spellcasting
  9434 | D:8      | Reached XP level 10. HP: 23/65 MP: 0/0
  9435 | D:8      | Reached skill level 5 in Dodging
  9439 | D:8      | Reached skill level 11 in Spellcasting
  9443 | D:8      | HP: 3/65 [yak (15)]
  9446 | D:8      | Slain by a yak

Illustrated notes

Levels and vault maps discovered:
D:1:      saegor_arrival_simple_c, layout_loops_ring,
          shapermc_ecumenical_altar_hornbeckon, amcnicky_mini_pool_small,
          chequers_serial_rivers_micro_a, lemuel_flame_loot_1
D:2:      wad_pebble_path, layout_loops_ring, minivault_11,
          hangedman_decor_lopped, kennysheep_minor_cross
D:3:      layout_loops_ring, zin_purify, okawaru_ov_weapons_minmay,
          hangedman_abyss_or_decor_stabs
D:4:      layout_cave_pools, uniq_sigmund
D:5:      layout_basic, minitemple, minmay_temple_entry_drinking_statues,
          minmay_puff
D:6:      layout_rooms
D:7:      layout_layer_cave, chequers_temple_overflow_statue_of_worship,
          serial_shops, shop
D:8:      layout_rooms, serial_undead, serial_undead_b, serial_undead_c,
          serial_undead_d, serial_undead_c, serial_undead_e, serial_undead_d,
          minmay_tree_intersection

Skill      XL: |  1  2  3  4  5  6  7  8  9 10 |
---------------+-------------------------------+-----
Spellcasting   | 3 4 5 6 7 8 10 11 | 11.0
Stealth        | 2 3 4 |  4.1
Fighting       | 1 2 |  2.5
Dodging        | 3 4 5 |  5.0

Action                   |  1- 3 |  4- 6 |  7- 9 | 10-12 || total
-------------------------+-------+-------+-------+-------++-------
Melee: Rapier            |       |       |       |     1 ||     1
 Cast: Foxfire           |    86 |   104 |   309 |       ||   499
       Sticky Flame      |       |     1 |     3 |     4 ||     8
       Fireball          |       |       |     2 |       ||     2
Invok: Curse Item        |       |       |     2 |       ||     2
  Use: Scroll            |       |       |     1 |     1 ||     2
       Potion            |       |       |       |     4 ||     4
Armor: Robe              |       |     9 |     3 |       ||    12
Dodge: Dodged            |    11 |    16 |    42 |     7 ||    76

Table legend: (Time is in decaauts)
 A = Elapsed time spent in this place.
 B = Non-inter-level travel time spent in this place.
 C = Inter-level travel time spent in this place.
 D = Time resting spent in this place.
 E = Time spent auto-exploring this place.
 F = Levels seen in this place.
 G = Mean time per level.
                   A        B        C        D        E       F      G
               +--------+--------+--------+--------+--------+-----+--------+
         Total |   9445 |   9240 |    205 |    247 |   8017 |   8 | 1180.6 |
       Dungeon |   9445 |   9240 |    205 |    247 |   8017 |   8 | 1180.6 |
               +--------+--------+--------+--------+--------+-----+--------+

Top non-repeatable levels by time:
     D:7: 1755 daAuts
     D:1: 1465 daAuts
     D:3: 1441 daAuts
     D:2: 1327 daAuts
     D:5: 1276 daAuts
     D:6: 785 daAuts
     D:4: 774 daAuts
     D:8: 618 daAuts
